 Dungeon Crawl Stone Soup version 0.30.1-3-gfc49f6343a (webtiles) character file.

Game seed: 6232051587611280158

184 Fodor the Shield-Bearer (level 5, -1/47 HPs)
             Began as a Minotaur Fighter on July 30, 2023.
             Was an Initiate of Gozag.
             Slain by an iguana (11 damage)
             ... on level 4 of the Dungeon on July 31, 2023.
             The game lasted 00:17:35 (3350 turns).

Fodor the Shield-Bearer (Minotaur Fighter)          Turns: 3350, Time: 00:17:38

Health: -1/47      AC: 10    Str: 23    XL:     5   Next: 36%
Magic:  4/4        EV:  8    Int:  5    God:    Gozag
Gold:   126        SH:  5    Dex: 15    Spells: 4/4 levels left

rFire   . . .        a - +0 long sword
rCold   . . .        c - +0 buckler
rNeg    . . .        x - +0 chain mail
rPois   .            (helmet restricted)
rElec   .            (no cloak)
rCorr   .            (no gloves)
SInv    .            t - +0 pair of boots
Will    .....        (no amulet) Stlth
                     h - +6 ring of dexterity
HPRegen 0.27/turn    (no ring)
MPRegen 0.09/turn

%: no passive effects
@: gold aura
A: horns 2, retaliatory headbutt
a: Renounce Religion, Potion Petition, Call Merchant, Bribe Branch


You were on level 4 of the Dungeon.
You worshipped Gozag.
Gozag was aware of your devotion.
You visited 1 branch of the dungeon, and saw 4 of its levels.

You collected 230 gold pieces.
You spent 51 gold pieces at shops.
You paid 53 gold pieces to Gozag.

Inventory:

Hand Weapons
 a - a +0 long sword (weapon)
Missiles
 b - 3 boomerangs
 l - 6 poisoned darts (quivered)
 m - 2 curare-tipped darts
Armour
 c - a +0 buckler (worn)
 t - a +0 pair of boots (worn)
 x - a +0 chain mail (worn)
Jewellery
 h - a +6 ring of dexterity (left hand)
 v - a ring of wizardry
Wands
 q - a wand of charming (5)
 A - a wand of light (15)
Scrolls
 e - 3 scrolls of amnesia {unknown}
 f - 4 scrolls of teleportation {unknown}
 i - 2 scrolls of identify {unknown}
 k - a scroll of immolation {unknown}
 n - a scroll of enchant weapon {unknown}
 o - a scroll of acquirement {unknown}
 w - a scroll of torment {unknown}
 y - 3 scrolls of poison {unknown}
 C - a scroll of fear {unknown}
Potions
 d - a potion of might
 g - 2 potions of brilliance {unknown}
 j - 3 potions of flight {unknown}
 p - a potion of curing {unknown}
 r - a potion of haste {unknown}
 s - a potion of mutation {unknown}
 u - a potion of heal wounds {unknown}
 z - a potion of lignification {unknown}
 B - a potion of ambrosia {unknown}


   Skills:
 + Level 4.5 Fighting
 + Level 4.4 Long Blades
 + Level 4.6 Armour
 + Level 0.3 Dodging
 + Level 0.1 Stealth
 + Level 4.8 Shields


You had 4 spell levels left.
You didn't know any spells.
Your spell library contained the following spells:

 Spells                   Type           Power      Damage    Failure   Level
 Shock                    Conj/Air       0%         1d3       98%         1
 Poisonous Vapours        Pois/Air       0%         N/A       99%         2
 Sublimation of Blood     Necr           0%         N/A       99%         2
 Wereblood                Tmut           0%         N/A       99%         2
 Mephitic Cloud           Conj/Pois/Air  0%         N/A       100%        3
 Swiftness                Air            0%         N/A       100%        3
 Airstrike                Air            0%         2d(0-16)  100%        4
 Freezing Cloud           Conj/Ice/Air   0%         6-21      100%        5
 Summon Hydra             Summ           0%         N/A       100%        7


Dungeon Overview and Level Annotations

Branches:
Dungeon (4/15)             Temple (0/1) D:4

Altars:
Gozag

Shops:
D:2 *


Innate Abilities, Weirdness & Mutations

You have a pair of horns on your head.
You reflexively headbutt those who attack you in melee.


Message History

The black bear closely misses you.
The black bear claws you but does no damage.
You hit the black bear. You headbutt the black bear.
The black bear is almost dead.
You block the black bear's attack.
The black bear claws you but does no damage.
You block the black bear's attack. The black bear barely misses you.
The black bear claws you but does no damage. x2
You hit the black bear.
You kill the black bear!
The iguana bites you!
Your Long Blades skill increases to level 4!
You have reached level 5!
You hit the iguana.
The iguana is moderately wounded.
The iguana bites you!
* * * LOW HITPOINT WARNING * * *
You barely miss the iguana.
The iguana is moderately wounded.
The iguana barely misses you. You block the iguana's attack.
You barely miss the iguana.
The iguana is moderately wounded.
You block the iguana's attack.
You barely miss the iguana.
The iguana is moderately wounded.
The iguana barely misses you.
You hit the iguana. Your headbutt misses the iguana.
The iguana is heavily wounded.
The iguana bites you but does no damage.
You slash the iguana!
The iguana is almost dead.
The iguana is distracted by your dazzling golden aura.
The iguana hisses angrily.
You hit the iguana but do no damage.
The iguana is no longer distracted by gold.
Your headbutt misses the iguana.
The iguana is almost dead.
The iguana bites you!
You die...
Your body crumbles into a pile of gold.

......... .......
####..( =..... #....
..#.. #.#.... #..###+
.!..#.#.#.. #<.##...
..#.#.#.# #..##....
#..#.>.#
..)#.....##+##.#.#.#
...#............#.#
...#............@#.
#..##....##'#...$l....(.
#..##+#####..##..##.....
...##....##..#...# ....
...#.........#.(..# ..>
...'.........#....+ ..
#+###....##..##..## #
#....######>.# ######


You could see an iguana.

Vanquished Creatures
  A black bear (D:4)
  3 adders
  3 worms
  A dart slug (D:3)
  2 orcs (D:3)
  5 ball pythons
  7 endoplasms
  3 giant cockroaches
  9 goblins
  3 hobgoblins
  5 jackals
  3 quokkas (D:1)
  3 bats
  6 frilled lizards
  6 kobolds
  4 rats
64 creatures vanquished.

Notes
Turn   | Place    | Note
-------+----------+-------------------------------------------
     0 | D:1      | Fodor the Minotaur Fighter began the quest for the Orb.
     0 | D:1      | Reached XP level 1. HP: 19/19 MP: 0/0
   108 | D:1      | Reached XP level 2. HP: 25/27 MP: 1/1
   648 | D:1      | Reached XP level 3. HP: 33/34 MP: 2/2
  1353 | D:2      | Found a faded altar of an unknown god.
  1973 | D:2      | Found Toefingu's Assorted Antiques.
  1977 | D:2      | Bought a purple potion for 24 gold pieces
  1977 | D:2      | Bought a scroll labelled RYIRAS OCAR for 27 gold pieces
  2097 | D:3      | Reached XP level 4. HP: 26/41 MP: 3/3
  3021 | D:3      | Found an opulent altar of Gozag.
  3030 | D:3      | Became a worshipper of Gozag Ym Sagoz the Greedy
  3324 | D:4      | Found a staircase to the Ecumenical Temple.
  3332 | D:4      | Noticed a black bear
  3343 | D:4      | Killed a black bear
  3344 | D:4      | Reached XP level 5. HP: 16/47 MP: 4/4
  3350 | D:4      | Slain by an iguana

Illustrated notes

Levels and vault maps discovered:
D:1:      dpeg_arrival_shelter, layout_basic
D:2:      layout_basic, dreamdust_ecumenical_altar_hidden_monk_grotto,
          serial_shops, nicolae_shop_tiny_real_fake_doors, minmay_box_of_dots
D:3:      minmay_door_path, layout_basic, lemuel_tele_altar
D:4:      layout_gridville, mainiacjoe_overflow_alcove_1, fedhas_altar_1,
          minmay_temple_entry_grid

Skill      XL: |  1  2  3  4 |
---------------+-------------+-----
Armour         | 4 |  4.6
Fighting       | 4 |  4.5
Long Blades    | 3 4 |  4.4
Shields        | 4 |  4.8
Dodging        | |  0.3
Stealth        | |  0.1

Action                     |  1- 3 |  4- 6 || total
---------------------------+-------+-------++-------
  Melee: Long sword        |    94 |    56 ||   150
         Headbutt          |    15 |     4 ||    19
 Armour: Scale mail        |    55 |     2 ||    57
         Chain mail        |       |    44 ||    44
  Dodge: Dodged            |    59 |    38 ||    97
  Block: Buckler           |    33 |    19 ||    52
